 Dungeon Crawl Stone Soup version 0.21-a0-1-gaf3b9a5 (webtiles) character file.

79 Gorglomux the Insei (level 3, 0/27 HPs)
             Began as a Demigod Transmuter on May 20, 2017.
             Slain by an adder (4 damage)
             ... on level 2 of the Dungeon.
             The game lasted 00:04:18 (2562 turns).

Gorglomux the Insei (Demigod Transmuter)            Turns: 2562, Time: 00:04:18

Health: 0/27       AC:  2    Str: 13    XL:     3   Next: 97%
Magic:  6/8        EV: 12    Int: 19    God:
Gold:   61         SH:  0    Dex: 16    Spells: 2/5 levels left

rFire    . . .     SeeInvis .     - Unarmed
rCold    . . .     Gourm    +   (no shield)
rNeg     . . .     Faith    .   b - +0 robe
rPois    .         Spirit   .   (no helmet)
rElec    .         Reflect  .   (no cloak)
rCorr    .         Harm     .   (no gloves)
MR       .....                  (no boots)
Stlth    +.........             e - amulet of the gourmand {Gourm, !d}
Regen    0.1/turn               (no ring)
MPRegen  0.2/turn               (no ring)

@: lethally poisoned (0 -> -2), appendage (expiring)
A: horns 2, high mp 1
a: End Transformation


You were on level 2 of the Dungeon.
You were full.
You had grown temporary horns.
You visited 1 branch of the dungeon, and saw 2 of its levels.

You collected 61 gold pieces.

Inventory:

Hand Weapons
 g - a +0 dagger
   (You found it on level 1 of the Dungeon)
 h - a +0 dagger
   (You took it off a kobold on level 1 of the Dungeon)
Missiles
 a - 31 arrows
Armour
 b - a +0 robe (worn)
Jewellery
 e - an amulet of the gourmand (around neck) {Gourm, !d}
   (You found it on level 1 of the Dungeon)
Scrolls
 f - 2 scrolls of identify {unknown}
 k - a scroll of immolation {unknown}
 l - a scroll of magic mapping {unknown}
Potions
 i - a potion of brilliance {unknown}
 j - 2 potions of curing {unknown}
 m - a potion of mutation {unknown}
Books
 c - a book of Changes
Comestibles
 d - 3 bread rations {@e1}
 n - 2 fruits


   Skills:
 - Level 0.8 Fighting
 - Level 1.7 Dodging
 + Level 3.7 Unarmed Combat
 - Level 1.7 Spellcasting
 + Level 3.1 Transmutations


You had 2 spell levels left.
You knew the following spells:

 Your Spells              Type           Power        Failure   Level  Hunger
a - Beastly Appendage     Tmut           ##....       4%          1    #......
s - Sticks to Snakes      Tmut           ##......     7%          2    ###....


Dungeon Overview and Level Annotations

Branches:
Dungeon (2/15)


Innate Abilities, Weirdness & Mutations

You have an increased reservoir of magic. (+10% MP)
You have a pair of horns on your head.


Message History

You start resting.
Unknown command.
Unknown command.
There is an open door, spattered with blood here.
You see here a whip of venom.
A ball python comes into view.
A ball python is nearby!
A ball python is nearby!
Casting: Sticks to Snakes You grow a pair of large bovine horns.
The ball python hisses angrily.
The ball python bites you but does no damage.
The ball python closely misses you.
Unknown command.
You hit the ball python.
You kill the ball python!
No target in view!
No target in view!
Your transformation is almost over.
m - a sapphire potion Your horns disappear.
A kobold comes into view.
A kobold is nearby!
Unknown command.
A kobold is nearby!
Your feet morph into talons.
Unknown command.
Unknown command.
The helpless kobold fails to defend itself.
You hit the kobold. You claw the kobold.
The kobold hits you but does no damage.
Unknown command.
You closely miss the kobold. You claw the kobold, but do no damage.
The kobold hits you.
Unknown command.
You hit the kobold but do no damage. The kobold hits you.
A kobold is nearby!
A kobold is nearby!
You hit the kobold. Your kick misses the kobold. The kobold barely misses you.
Unknown command.
You hit the kobold.
You kill the kobold!
Your transformation is almost over.
No target in view!
Unknown command.
No target in view!
You now have 61 gold pieces (gained 6).
Your talons disappear.
n - 2 fruits A gnoll comes into view. It is wielding a halberd of protection.
Unknown command.
A gnoll is nearby!
Unknown command.
A gnoll is nearby!
Unknown command.
You grow a pair of large bovine horns.
The gnoll shouts!
The gnoll barely misses you.
You hit the gnoll.
You headbutt the gnoll, but do no damage.
The gnoll hits you with a halberd of protection.
The gnoll hits you from afar with a halberd of protection!
You create a snake!
You now have 32 arrows.
The gnoll closely misses you.
Your ball python bites the gnoll but does no damage.
Your ball python closely misses the gnoll.
The gnoll closely misses you.
A hobgoblin comes into view. It is wielding a club.
Your ball python bites the gnoll but does no damage.
Your ball python closely misses the gnoll.
The gnoll hits you from afar with a halberd of protection!
* * * LOW HITPOINT WARNING * * *
Your ball python bites the gnoll but does no damage.
Your ball python barely misses the gnoll.
Unknown command.
Your ball python bites the gnoll.
Your ball python barely misses the gnoll.
The gnoll barely misses your ball python.
Your ball python closely misses the gnoll.
Your ball python grabs the gnoll.
Your ball python constricts the gnoll.
A goblin comes into view. It is wielding a club.
The gnoll closely misses your ball python.
Your ball python bites the gnoll but does no damage.
Your ball python constricts the gnoll.
An adder comes into view.
The hobgoblin shouts!
Your ball python bites the gnoll but does no damage.
Your ball python constricts the gnoll.
The gnoll hits your ball python with a halberd of protection!
Your ball python dies!
The adder hisses angrily.
Your transformation is almost over.
Casting: Sticks to Snakes You create a snake!
You now have 31 arrows.
The adder bites you.
* * * LOW HITPOINT WARNING * * *
You are poisoned.
The adder poisons you!
You feel sick.
You swap places.
You hit the adder but do no damage. The adder bites you.
You die...

........##...#....#
#####.####.#...#### #..
#..###.###.##.## #..
.##..##.##.##.#####..
########.#.#........#
.###...#.#.#..#....##
#...###.##....#...##
##########g#.....##
#....#..#.###@#
..#..#...#...SS## #
.........#####..###..#
...[.....######g....#
........gg.g.S..###....
#.####.##.####...# .. #
#. #.# #.#....# ## #.#
#......# #S# #...####


You could see an adder, a hobgoblin and a friendly ball python.

Vanquished Creatures
  An adder (D:2)
  A worm (D:2)
  2 dart slugs (D:1)
  2 leopard geckos
  A ball python (D:2)
  5 bats
  8 goblins
  5 hobgoblins
  8 kobolds
  A frilled lizard (D:2)
  5 rats
39 creatures vanquished.

Vanquished Creatures (collateral kills)
  3 adders (D:2)
3 creatures vanquished.

Grand Total: 42 creatures vanquished

Notes
Turn   | Place    | Note
-------+----------+-------------------------------------------
     0 | D:1      | Gorglomux the Demigod Transmuter began the quest for the Orb.
     0 | D:1      | Reached XP level 1. HP: 15/15 MP: 5/5
    50 | D:1      | Reached skill level 2 in Transmutations
   212 | D:1      | Reached skill level 3 in Unarmed Combat
   212 | D:1      | Reached XP level 2. HP: 12/22 MP: 5/7
   457 | D:1      | Learned a level 2 spell: Sticks to Snakes
  1178 | D:1      | Reached XP level 3. HP: 23/27 MP: 8/8
  2050 | D:2      | Reached skill level 3 in Transmutations
  2241 | D:2      | HP: 6/27 [poisoned by an adder]
  2547 | D:2      | HP: 6/27 [gnoll/halberd of protection (9)]
  2559 | D:2      | HP: 5/27 [adder (2)]
  2562 | D:2      | Slain by an adder

Vault maps used:
D:1:      lemuel_arrival_muddy
D:2:      wad_river_or_something, serial_bayou, serial_bayou_pond_d,
          serial_bayou_pond_a, serial_bayou_ford_a, serial_bayou_shore_b,
          first_bread, nemelex_spade_bored_becter

Skill      XL: |  1  2  3 |
---------------+----------+-----
Transmutations | 2 3 |  3.1
Unarmed Combat | 3 |  3.7
Fighting       | |  0.8
Dodging        | |  1.7
Spellcasting   | |  1.7

Action                   || total
-------------------------++-------
Melee: Unarmed           ||   154
       Kick              ||    29
       Punch             ||     2
       Headbutt          ||     7
 Cast: Beastly Appendage ||    29
       Sticks to Snakes  ||     7
 Stab: Sleeping          ||     3
       Distracted        ||     1
  Eat: Chunk             ||    11
Armor: Robe              ||    17
Dodge: Dodged            ||    73

Vault maps used:
D:1:      lemuel_arrival_muddy
D:2:      wad_river_or_something, serial_bayou, serial_bayou_pond_d,
          serial_bayou_pond_a, serial_bayou_ford_a, serial_bayou_shore_b,
          first_bread, nemelex_spade_bored_becter

Table legend:
 A = Turns spent in this place as a percentage of turns spent in the entire game.
 B = Non-inter-level travel turns spent in this place as a percentage of non-inter-level travel turns spent in the entire game.
 C = Inter-level travel turns spent in this place as a percentage of turns spent in this place.
 D = Turns resting spent in this place as a percentage of non-inter-level travel turns spent in this place.
 E = Turns spent auto-exploring this place as a percentage of non-inter-level travel turns spent in this place.
 F = Non-inter-level travel turns spent in this place divided by the number of levels of this place that you've seen.
                   A       B       C       D       E      F
               +-------+-------+-------+-------+-------+----------------------
         Total | 100.0 | 100.0 |   0.1 |   6.9 |   6.6 | 335.0
       Dungeon | 100.0 | 100.0 |   0.1 |   6.9 |   6.6 | 335.0
               +-------+-------+-------+-------+-------+----------------------

Table legend:
 A = Kills in this place as a percentage of kills in entire the game.
 B = Kills by you in this place as a percentage of kills by you in the entire game.
 C = Kills by friends in this place as a percentage of kills by friends in the entire game.
 D = Other kills in this place as a percentage of other kills in the entire game.
 E = Experience gained in this place as a percentage of experience gained in the entire game.
 F = Experience gained in this place divided by the number of levels of this place that you have seen.
                   A       B       C       D       E      F
               +-------+-------+-------+-------+-------+----------------------
         Total | 100.0 | 100.0 | 100.0 |  -nan | 100.0 |  57.0
       Dungeon | 100.0 | 100.0 | 100.0 |  -nan | 100.0 |  57.0
               +-------+-------+-------+-------+-------+----------------------
